 Dungeon Crawl Stone Soup version 0.31-a0-1370-gf52a5a9ab3 (webtiles) character file.

Game seed: 18261425284628649905

23 Laraso the Magician (level 3, 0/31 HPs)
             Began as an Oni Air Elementalist on Dec 23, 2023.
             Slain by a worm (3 damage)
             ... on level 2 of the Dungeon.
             The game lasted 00:01:39 (1023 turns).

Laraso the Magician (Oni Air Elementalist)          Turns: 1023, Time: 00:01:39

Health: 0/31       AC:  3    Str: 12    XL:     3   Next: 0%
Magic:  0/8        EV:  9    Int: 18    God:
Gold:   36         SH:  0    Dex:  9    Spells: 3/9 levels left

rFire   . . .        d - +0 whip
rCold   . . .        (no shield)
rNeg    . . .        a - +0 robe
rPois   .            (helmet restricted)
rElec   .            (no cloak)
rCorr   .            (gloves unavailable)
SInv    .            (boots unavailable)
Will    .....        (no amulet)
Stlth   +            (no ring)
HPRegen 0.25/turn    (no ring)
MPRegen 0.11/turn

%: no passive effects
@: very slightly contaminated
A: large, unfitting armour, horns 1, tough skin 1, double potion healing,
drunken brawling
a: no special abilities


You were on level 2 of the Dungeon.
You visited 1 branch of the dungeon, and saw 2 of its levels.

You collected 36 gold pieces.

Inventory:

Hand Weapons
 d - a +0 whip (weapon)
Armour
 a - a +0 robe (worn)
Potions
 b - a potion of magic
 c - 2 potions of resistance {unknown}


   Skills:
 - Level 1.7 Dodging
 - Level 1.4 Stealth
 * Level 3.9 Spellcasting
 - Level 0.8 Conjurations
 - Level 2.6 Air Magic


You had 3 spell levels left.
You knew the following spells:

 Your Spells              Type           Power      Damage    Failure   Level
a - Shock                 Conj/Air       36%        1d5       7%          1
b - Static Discharge      Conj/Air       18%        3-4/arc   11%         2
s - Swiftness             Air            13%        N/A       14%         3

Your spell library contained the following spells:

 Spells                   Type           Power      Damage    Failure   Level
 Airstrike                Air            6%         2d(1-17)  43%         4


Dungeon Overview and Level Annotations

Branches:
Dungeon (2/15)

Altars:


Innate Abilities, Weirdness & Mutations

You are too large for most types of armour.
You have a pair of small horns on your head.
You have tough skin. (AC +1)
You gain doubled healing and magic from potions.
Whenever you drink a healing potion, you attack all around you.


Message History

Unknown command.
You hit the worm. You headbutt the worm.
The worm is severely wounded.
The worm bites you!
You barely miss the worm. You punch the worm, but do no damage.
The worm is heavily wounded.
The worm bites you.
You hit the worm but do no damage.
The worm is heavily wounded.
You hit the worm but do no damage.
The worm is heavily wounded.
The worm bites you!
You hit the worm. You headbutt the worm.
The worm is almost dead.
You hit the worm.
The worm is almost dead.
The worm bites you but does no damage.
You barely miss the worm. Your headbutt misses the worm.
The worm is almost dead.
The worm bites you.
* * * LOW HITPOINT WARNING * * *
Casting: Shock (safe; 7% risk of failure)
Confirm with . or Enter, or press ? or * to list all spells.
Aiming: Shock (safe; 7% risk of failure)
Press: ? - help, Shift-Dir - straight line, f/p - worm
Aim: a worm (almost dead, 89% to hit)
The zap hits the worm.
The worm is almost dead.
The zap misses the worm.
The zap misses you. The zap hits you.
* * * LOW HITPOINT WARNING * * *
Unknown command.
Casting: Shock (safe; 7% risk of failure)
Confirm with . or Enter, or press ? or * to list all spells.
Aiming: Shock (safe; 7% risk of failure)
Press: ? - help, Shift-Dir - straight line, f/p - worm
Aim: a worm (almost dead, 89% to hit)
The zap hits you.
* * * LOW HITPOINT WARNING * * *
The worm bites you.
You die...

### ...
..# #.#
##.#######
#.........
#w@# #..#
#..# #..#
#[.. #.##
.. #.


You could see a worm.

Vanquished Creatures
  3 bats (D:1)
  2 endoplasms (D:1)
  A giant cockroach (D:1)
  3 goblins (D:1)
  3 kobolds (D:1)
  2 quokkas (D:1)
  A ball python (D:1)
  5 frilled lizards (D:1)
  A rat (D:1)
21 creatures vanquished.

Notes
Turn   | Place    | Note
-------+----------+-------------------------------------------
     0 | D:1      | Laraso the Oni Air Elementalist began the quest for the
                  | Orb.
     0 | D:1      | Reached XP level 1. HP: 16/16 MP: 3/3
   177 | D:1      | Reached skill level 3 in Spellcasting
   334 | D:1      | Reached XP level 2. HP: 24/24 MP: 4/6
   937 | D:1      | Reached XP level 3. HP: 26/31 MP: 0/8
  1005 | D:1      | Learned a level 2 spell: Static Discharge
  1009 | D:1      | Learned a level 3 spell: Swiftness
  1023 | D:2      | Slain by a worm

Illustrated notes

Levels and vault maps discovered:
D:1:      scummos_arrival_gate, layout_basic
D:2:      layout_loops_ring, chequers_ecumenical_altar_island, serial_shops,
          shop, minmay_goblin_outpost

Skill      XL: |  1 |
---------------+----+-----
Spellcasting   | 3 |  3.9
Dodging        | |  1.7
Stealth        | |  1.4
Conjurations   | |  0.8
Air Magic      | |  2.6

Action                     || total
---------------------------++-------
  Melee: Unarmed           ||     3
         Whip              ||     9
         Headbutt          ||     3
         Punch             ||     1
   Cast: Shock             ||    40
         Static Discharge  ||     1
 Armour: Robe              ||    32
  Dodge: Dodged            ||    18

Table legend: (Time is in decaauts)
 A = Elapsed time spent in this place.
 B = Non-inter-level travel time spent in this place.
 C = Inter-level travel time spent in this place.
 D = Time resting spent in this place.
 E = Time spent auto-exploring this place.
 F = Levels seen in this place.
 G = Mean time per level.
                   A        B        C        D        E       F      G
               +--------+--------+--------+--------+--------+-----+--------+
         Total |   1024 |   1001 |     23 |    257 |    613 |   2 |  512.0 |
       Dungeon |   1024 |   1001 |     23 |    257 |    613 |   2 |  512.0 |
               +--------+--------+--------+--------+--------+-----+--------+

Top non-repeatable levels by time:
     D:1: 1005 daAuts
     D:2: 18 daAuts
